[Event "ICC tourney 2144 (45 10)"]
[Site "Internet Chess Club"]
[Date "2020.11.21"]
[Round "1"]
[White "Gambold"]
[Black "logman123"]
[Result "1-0"]
[ICCResult "Black resigns"]
[WhiteElo "1057"]
[BlackElo "488"]
[Opening "Scotch opening"]
[ECO "C44"]
[NIC "KP.10"]
[Time "12:02:03"]
[TimeControl "2700+10"]

1. e4 e5 2. Nf3 Nc6 3. d4 d6 4. Bb5 a6 5. Bxc6+ bxc6 6. dxe5 dxe5 7. Qxd8+
Kxd8 8. Nxe5 Be6 9. Nxc6+ Ke8 10. O-O Ne7 11. Nd4 g6 12. Nxe6 fxe6 13. Nc3
h5 14. Bg5 Rb8 15. Bf6 Rg8 16. Ne2 Rxb2 17. Bxb2 Bg7 18. Bxg7 Rxg7 19. Nf4
e5 20. Ne6 Rf7 21. Nxc7+ Kd8 22. Nxa6 Nc6 23. Rfd1+ Kc8 24. Rab1 Rb7 25.
Rxb7 Kxb7 26. Nc5+ Kc7 27. a4 Kb6 28. Nb3 Ka6 29. Rd6 Kb6 30. Rxg6 h4 31.
a5+ {Black resigns} 1-0

[Event "ICC tourney 2144 (45 10)"]
[Site "Internet Chess Club"]
[Date "2020.11.21"]
[Round "1"]
[White "StreetFood"]
[Black "PirateKing"]
[Result "1-0"]
[ICCResult "Black checkmated"]
[WhiteElo "1290"]
[BlackElo "806"]
[Opening "Queen's pawn game"]
[ECO "D02"]
[NIC "QP.08"]
[Time "12:02:05"]
[TimeControl "2700+10"]

1. d4 d5 2. Nf3 e6 3. g3 Nf6 4. Bg2 Nbd7 5. O-O c5 6. b3 Qa5 7. Bb2 cxd4 8.
Nxd4 Bc5 9. c4 O-O 10. Nc3 a6 11. a3 Qb6 12. Na4 Qa7 13. Nxc5 Qxc5 14. Qc2
b5 15. Rac1 bxc4 16. bxc4 dxc4 17. Bxa8 Nb6 18. Bg2 e5 19. Nb3 Qc7 20. Nd2
Be6 21. Ne4 Nxe4 22. Qxe4 g6 23. Qxe5 Qe7 24. Qg7# {Black checkmated} 1-0

[Event "ICC tourney 2144 (45 10)"]
[Site "Internet Chess Club"]
[Date "2020.11.21"]
[Round "1"]
[White "nalan"]
[Black "Cgchess"]
[Result "0-1"]
[ICCResult "White checkmated"]
[WhiteElo "820"]
[BlackElo "1310"]
[Opening "French: Rubinstein variation"]
[ECO "C10"]
[NIC "FR.07"]
[Time "12:02:03"]
[TimeControl "2700+10"]

1. e4 e6 2. d4 d5 3. Nc3 dxe4 4. Nxe4 Nf6 5. Bd3 Nc6 6. Nf3 Be7 7. O-O O-O
8. Be3 Nd5 9. Qd2 Nxe3 10. Qxe3 Bf6 11. c3 Be7 12. Rfe1 f5 13. Ned2 b6 14.
c4 Bf6 15. Ne5 Nxd4 16. g4 Bg5 17. Qh3 Bxd2 18. gxf5 Qg5+ 19. Kh1 Bb7+ 20.
Be4 Bxe4+ 21. Rxe4 Nxf5 22. Nf3 Qh6 23. Qxh6 Bxh6 24. Ne5 Nd6 25. Re2 Bf4
26. f3 Bxe5 27. Rxe5 Rxf3 28. Rxe6 Raf8 29. Kg2 Rf2+ 30. Kg3 R8f3+ 31. Kg4
Rf4+ 32. Kg3 Nf5+ 33. Kh3 Rh4# {White checkmated} 0-1

[Event "ICC tourney 2144 (45 10)"]
[Site "Internet Chess Club"]
[Date "2020.11.21"]
[Round "1"]
[White "VinaySridhar"]
[Black "chessplayer2048"]
[Result "1-0"]
[ICCResult "Black checkmated"]
[WhiteElo "1064"]
[BlackElo "194"]
[Opening "QGD: Marshall defense"]
[ECO "D06"]
[NIC "QP.08"]
[Time "12:02:03"]
[TimeControl "2700+10"]

1. d4 d5 2. c4 Nf6 3. Nc3 Nc6 4. Nf3 Bf5 5. Bf4 e6 6. e3 Bd6 7. Bg3 O-O 8.
Be2 Bxg3 9. hxg3 Ne4 10. Bd3 Nxc3 11. bxc3 Bg4 12. Bxh7+ Kh8 13. Bf5+ Kg8
14. Bxg4 dxc4 15. Qc2 g6 16. Nd2 f5 17. Bf3 Qd6 18. Nxc4 Qd7 19. Bxc6 Qxc6
20. Ne5 Qxg2 21. Rf1 Qd5 22. Nxg6 Rfe8 23. Qb3 Qd8 24. Qxb7 Qf6 25. Ne5 Rec8
26. Qf3 Qe7 27. a3 Rab8 28. Nc6 Qd6 29. Nxb8 Rxb8 30. Rh1 Qb6 31. Qh5 Qb2
32. Qg6+ Kf8 33. Rh8+ Ke7 34. Rh7+ Kd6 35. Rd1 Qxc3+ 36. Kf1 Qb3 37. Re1
Qxa3 38. Rh6 Qd3+ 39. Kg1 Kd7 40. Qxe6+ Kd8 41. Rh8# {Black checkmated} 1-0

[Event "ICC tourney 2144 (45 10)"]
[Site "Internet Chess Club"]
[Date "2020.11.21"]
[Round "1"]
[White "gauravgupta"]
[Black "AnujJ"]
[Result "1-0"]
[ICCResult "Black checkmated"]
[WhiteElo "952"]
[BlackElo "142"]
[Opening "Ruy Lopez: Berlin defense"]
[ECO "C65"]
[NIC "RL.07"]
[Time "12:02:05"]
[TimeControl "2700+10"]

1. e4 e5 2. Nf3 Nc6 3. Bb5 Nf6 4. Bxc6 dxc6 5. d3 Be7 6. Nxe5 O-O 7. h3 Bd6
8. Nf3 Be6 9. e5 Bb4+ 10. c3 Bc5 11. exf6 Qxf6 12. d4 Rad8 13. Bg5 Qf5 14.
Bxd8 Rxd8 15. Nbd2 Bd6 16. b3 c5 17. Rc1 cxd4 18. Nxd4 Qe5+ 19. Qe2 Qf6 20.
Nxe6 fxe6 21. Ne4 Qh6 22. Rc2 Be7 23. O-O Rf8 24. Ng3 Bc5 25. b4 Bd6 26. a4
Rf6 27. Rd2 Rg6 28. Rd3 e5 29. Qe4 c6 30. Nf5 Qg5 31. Nxd6 b6 32. Qxc6 a5
33. Qe8# {Black checkmated} 1-0

[Event "ICC tourney 2144 (45 10)"]
[Site "Internet Chess Club"]
[Date "2020.11.21"]
[Round "1"]
[White "funderdifflin"]
[Black "raadix028"]
[Result "1-0"]
[ICCResult "Black checkmated"]
[WhiteElo "808"]
[BlackElo "121"]
[Opening "Queen's pawn, Mason variation"]
[ECO "D00"]
[NIC "QP.08"]
[Time "12:02:06"]
[TimeControl "2700+10"]

1. d4 d5 2. Bf4 Nc6 3. Nf3 Bf5 4. a3 Nf6 5. e3 e6 6. Be2 Bd6 7. Ne5 Ne4 8.
Bb5 O-O 9. Nxc6 bxc6 10. Bxc6 Rb8 11. b4 Bxf4 12. exf4 Qd6 13. Ba4 Qxf4 14.
O-O Qg5 15. Qf3 Bg4 16. Qe3 Qxe3 17. fxe3 Be2 18. Re1 Bb5 19. Bb3 Bc4 20.
Bxc4 dxc4 21. c3 f5 22. Ra2 Ra8 23. Rc2 a5 24. Nd2 Nxd2 25. Rxd2 axb4 26.
axb4 Ra3 27. Rc1 Rfa8 28. Re2 Ra1 29. Ree1 Rxc1 30. Rxc1 Kf7 31. Kf2 h6 32.
Kf3 g5 33. g3 Ra2 34. h4 g4+ 35. Kf4 Rf2+ 36. Ke5 Re2 37. Kf4 Kf6 38. Rf1
Rc2 39. e4 Rxc3 40. Re1 Rb3 41. Rc1 Rxb4 42. e5+ Ke7 43. Ke3 Kd7 44. Kd2 Kc6
45. Rc3 Kd5 46. Ke3 c5 47. dxc5 Kxc5 48. Rc1 Rb3+ 49. Kf2 Kd4 50. h5 c3 51.
Ke2 Rb2+ 52. Kd1 Kd3 53. Ra1 c2+ 54. Kc1 Kc3 55. Ra3+ Rb3 56. Ra1 Rb5 57.
Ra3+ Kb4 58. Ra2 Kb3 59. Rb2+ Kc4 60. Rxc2+ Kd4 61. Rc8 Kxe5 62. Rh8 Kf6 63.
Rxh6+ Kg5 64. Rxe6 Kxh5 65. Kd2 Rd5+ 66. Ke3 Kg5 67. Re8 Rc5 68. Rg8+ Kf6
69. Rf8+ Ke5 70. Re8+ Kf6 71. Rf8+ Kg6 72. Rg8+ Kf6 73. Rf8+ Ke5 74. Re8+
Kf6 75. Rf8+ Kg6 76. Rg8+ Kh7 77. Rg5 Re5+ 78. Kf4 Ra5 79. Rxf5 Ra4+ 80. Kg5
Ra7 81. Kxg4 Rg7+ 82. Rg5 Kh6 83. Rxg7 Kxg7 84. Kg5 Kf7 85. Kh6 Kf6 86. g4
Kf7 87. Kh7 Kf8 88. g5 Kf7 89. g6+ Kf8 90. g7+ Kf7 91. g8=Q+ Kf6 92. Kh6 Ke5
93. Qf7 Ke4 94. Qf6 Ke3 95. Qf5 Ke2 96. Qf4 Ke1 97. Qf3 Kd2 98. Qe4 Kc3 99.
Qd5 Kc2 100. Qd4 Kc1 101. Qd3 Kb2 102. Qc4 Kb1 103. Qc3 Ka2 104. Qb4 Ka1
105. Kg5 Ka2 106. Kf4 Ka1 107. Ke3 Ka2 108. Kd2 Ka1 109. Kc2 Ka2 110. Qb2#
{Black checkmated}
1-0

[Event "ICC tourney 2144 (45 10)"]
[Site "Internet Chess Club"]
[Date "2020.11.21"]
[Round "1"]
[White "lscorpii"]
[Black "notbhargav"]
[Result "0-1"]
[ICCResult "White resigns"]
[WhiteElo "1237"]
[BlackElo "990"]
[Opening "Queen's pawn, Mason variation"]
[ECO "D00"]
[NIC "QP.08"]
[Time "12:02:20"]
[TimeControl "2700+10"]

1. d4 d5 2. Bf4 Nf6 3. e3 e6 4. Nf3 Nc6 5. c4 Bb4+ 6. Nbd2 Ne4 7. a3 Bxd2+
8. Nxd2 O-O 9. Bd3 Nxd2 10. Qxd2 Re8 11. Qc3 dxc4 12. Bxc4 Qe7 13. O-O e5
14. dxe5 Nxe5 15. Bb3 c6 16. Rfd1 Bf5 17. Rd2 Ng6 18. Bd6 Qg5 19. Qc5 Qf6
20. Bg3 b6 21. Qc1 Red8 22. Rxd8+ Rxd8 23. Qc4 Be6 24. Qb4 Qxb2 25. Rd1
Rxd1+ 26. Bxd1 Qxb4 27. axb4 Ne7 28. Bd6 Nc8 29. Bb8 Bc4 30. Bg4 Be6 31. Be2
a5 32. bxa5 bxa5 33. Bd1 Nb6 34. Bc7 Nc4 35. Ba4 Bd5 36. f3 Nxe3 37. Bxa5
Nc4 38. Bb4 Nb6 39. Bc2 Nd7 40. Kf2 c5 41. Ba3 g6 42. Ke3 Kg7 43. Kf4 c4 44.
Bb2+ f6 45. Ke3 Kf7 46. Kd4 Ke6 47. Bd1 Ne5 48. Be2 g5 49. Kc5 Nd3+ 50. Bxd3
cxd3 51. Bc3 Bb7 52. Kb6 Bd5 53. Kc5 Bb3 54. g4 f5 55. gxf5+ Kxf5 56. Kd4
Bc2 57. Ke3 h5 58. h3 g4 59. h4 g3 60. Bd4 g2 61. Kd2 Kf4 62. Bg1 Kxf3 63.
Ke1 Kg3 64. Bf2+ Kh2 {White resigns} 0-1

[Event "ICC tourney 2144 (45 10)"]
[Site "Internet Chess Club"]
[Date "2020.11.21"]
[Round "1"]
[White "ishaansharma12"]
[Black "oxdidi"]
[Result "0-1"]
[ICCResult "White checkmated"]
[WhiteElo "216"]
[BlackElo "1064"]
[Opening "Three knights game"]
[ECO "C46"]
[NIC "KP.06"]
[Time "12:02:55"]
[TimeControl "2700+10"]

1. e4 e5 2. Nf3 Nc6 3. Nc3 Bc5 4. Nxe5 Bxf2+ 5. Kxf2 Nxe5 6. d4 Nc6 7. Bb5
a6 8. Bc4 Qf6+ 9. Ke1 Nxd4 10. Be3 Nc6 11. Nd5 Qd8 12. Bf4 d6 13. Qh5 Nf6
14. Nxf6+ Qxf6 15. Bg5 Qg6 16. Qxg6 fxg6 17. Rf1 Ne5 18. Bb3 h6 19. Bd2 Bd7
20. Bc3 O-O-O 21. Bxe5 dxe5 22. Rf7 Bc6 23. Be6+ Kb8 24. Rxg7 Bxe4 25. Bb3
Bxg2 26. Rxg6 Be4 27. Re6 Rhg8 28. Kf2 Rg2+ 29. Ke3 Bxc2 30. Rxe5 Bxb3 31.
axb3 Rxb2 32. Rh5 Rxb3+ 33. Kf4 Rd4+ 34. Ke5 Rbd3 35. Rxh6 Rd5+ 36. Ke4
R3d4+ 37. Ke3 Rd6 38. Rh8+ Ka7 39. Rh5 R4d5 40. Rxd5 Rxd5 41. Ke4 Rh5 42.
Rh1 a5 43. Kd4 b6 44. Kc4 Ka6 45. Kb3 b5 46. Rc1 Rxh2 47. Rxc7 Rh3+ 48. Kb2
Rh2+ 49. Kc3 Rh1 50. Kd4 Rd1+ 51. Ke3 Kb6 52. Rc2 a4 53. Ke2 Rd8 54. Ra2 Ra8
55. Kd3 Rc8 56. Ra3 Ka5 57. Ra2 b4 58. Rh2 a3 59. Rh5+ Ka4 60. Rh2 Rc3+ 61.
Kd4 Rc8 62. Rd2 Rd8+ 63. Ke3 Rxd2 64. Kxd2 b3 65. Kc1 a2 66. Kb2 Kb4 67. Ka1
Kc4 68. Kb2 a1=Q+ 69. Kxa1 Kc3 70. Kb1 b2 71. Ka2 Kc2 72. Ka3 b1=Q 73. Ka4
Kc3 74. Ka3 Qb3# {White checkmated} 0-1

[Event "ICC tourney 2144 (45 10)"]
[Site "Internet Chess Club"]
[Date "2020.11.21"]
[Round "1"]
[White "ChessPanda000"]
[Black "Aashray"]
[Result "0-1"]
[ICCResult "White checkmated"]
[WhiteElo "207"]
[BlackElo "964"]
[Opening "Queen's pawn game"]
[ECO "A45"]
[NIC "QP.07"]
[Time "12:02:13"]
[TimeControl "2700+10"]

1. d4 Nf6 2. Nc3 g6 3. Nh3 Bg7 4. Bg5 d6 5. e3 O-O 6. Bc4 a6 7. a3 Nbd7 8.
O-O c5 9. dxc5 Nxc5 10. Qf3 Bg4 11. Qg3 Qd7 12. Nf4 Nfe4 13. Nxe4 Nxe4 14.
Qh4 Nd2 15. Bd3 Nxf1 16. Kxf1 e5 17. Ne2 Bxe2+ 18. Bxe2 f6 19. Bh6 Bxh6 20.
Qxh6 Rac8 21. Bd3 f5 22. c3 Qg7 23. Qh3 e4 24. Bc2 Qe5 25. Bb3+ Kg7 26. Rd1
Qb5+ 27. Kg1 Qxb3 28. Rxd6 Rcd8 29. Rxd8 Rxd8 30. g3 Qd1+ 31. Kg2 Qf3+ 32.
Kg1 Rd1+ 33. Qf1 Rxf1+ 34. Kxf1 Qh1+ 35. Ke2 Qxh2 36. b4 Qg2 37. Ke1 h5 38.
f4 exf3 39. c4 f2+ 40. Kd2 f1=Q+ 41. Kc3 Qc1+ 42. Kd3 Qgd2# {White
checkmated} 0-1

[Event "ICC tourney 2144 (45 10)"]
[Site "Internet Chess Club"]
[Date "2020.11.21"]
[Round "1"]
[White "miyzhang"]
[Black "NikiSDKChess"]
[Result "1-0"]
[ICCResult "Black checkmated"]
[WhiteElo "1245"]
[BlackElo "672"]
[Opening "King's pawn game"]
[ECO "C50"]
[NIC "IG.03"]
[Time "12:02:14"]
[TimeControl "2700+10"]

1. e4 e5 2. Nf3 Nc6 3. Bc4 h6 4. d3 Bc5 5. c3 d6 6. Bb3 Bg4 7. h3 Bxf3 8.
Qxf3 Nf6 9. Qe2 O-O 10. g4 Qd7 11. g5 hxg5 12. Bxg5 Qe7 13. h4 a5 14. h5 a4
15. Bc2 Qe6 16. h6 g6 17. Qf3 Ng4 18. h7+ Kg7 19. Bh4 Rfe8 20. Rg1 f5 21.
exf5 gxf5 22. Nd2 d5 23. O-O-O Kxh7 24. Rh1 Kg6 25. d4 e4 26. Qf4 Be7 27.
Rdg1 Rh8 28. Bxe7 Rxh1 29. Qg5+ Kf7 30. Rxh1 Nxe7 31. Rh7+ Ke8 32. Rh8+ Kd7
33. Rxa8 Nxf2 34. Bxa4+ c6 35. Qh5 Qd6 36. Qe8+ Ke6 37. Qh8 Ng6 38. Re8+ Kd7
39. Rd8+ Ke7 40. Qe8+ Kf6 41. Rxd6+ Kg5 42. Rxg6+ Kf4 43. Re6 Ke3 44. Qh5 f4
45. Nf1+ Kd3 46. Bc2+ Kc4 47. Qe2+ Nd3+ 48. Bxd3+ exd3 49. Nd2+ Kb5 50.
Qxd3+ Ka5 51. Nb3+ Ka4 52. Nc5+ Ka5 53. Nxb7+ Kb6 54. Nc5 Kc7 55. Qa6 f3 56.
Qb7+ Kd8 57. Qd7# {Black checkmated} 1-0

[Event "ICC tourney 2144 (45 10)"]
[Site "Internet Chess Club"]
[Date "2020.11.21"]
[Round "1"]
[White "alg142"]
[Black "nb12"]
[Result "1/2-1/2"]
[ICCResult "Game drawn by repetition"]
[WhiteElo "808"]
[BlackElo "1191"]
[Opening "Grünfeld: modern exchange variation"]
[ECO "D85"]
[NIC "GI.04"]
[Time "12:02:45"]
[TimeControl "2700+10"]

1. d4 Nf6 2. c4 g6 3. Nc3 d5 4. cxd5 Nxd5 5. e4 Nxc3 6. bxc3 Bg7 7. Nf3 O-O
8. Be2 c5 9. Be3 Nc6 10. O-O cxd4 11. cxd4 Bg4 12. e5 Qd7 13. Rc1 Rfd8 14.
Bb5 a6 15. Bxc6 bxc6 16. h3 Be6 17. a3 Bd5 18. Nd2 Rab8 19. Qe2 Qa7 20. Nc4
Rb5 21. a4 Rb4 22. Na5 Qb6 23. Rc5 Rxa4 24. Nc4 Rxc4 25. Rxc4 Bxc4 26. Qxc4
Qb5 27. Qc2 a5 28. Rc1 Rc8 29. Rb1 Qd5 30. Rb7 e6 31. Ra7 Qb5 32. Qa2 c5 33.
Rxa5 Qb4 34. Ra4 Qe1+ 35. Kh2 cxd4 36. Bxd4 Bxe5+ 37. Bxe5 Qxe5+ 38. f4 Qc5
39. Ra5 Qc2 40. Qa3 Rc3 41. Qe7 Qd3 42. Qg5 Kg7 43. Ra7 h6 44. Qh4 Qf5 45.
Ra8 Qe4 46. Ra2 Rc2 47. Rxc2 Qxc2 48. Qd8 Qf2 49. Qd6 h5 50. Qe5+ Kh7 51.
Qc7 Kg8 52. Qb8+ Kg7 53. Qe5+ f6 54. Qxe6 Qxf4+ 55. Kg1 Kh6 56. Qg8 Kg5 57.
Qd5+ f5 58. Qd8+ Kh6 59. Qh8+ Kg5 60. Qd8+ Kh6 61. Qh8+ Kg5 62. Qd8+
{Game drawn by repetition}
1/2-1/2

[Event "ICC tourney 2144 (45 10)"]
[Site "Internet Chess Club"]
[Date "2020.11.21"]
[Round "1"]
[White "Bgrady"]
[Black "sudhaparthi"]
[Result "0-1"]
[ICCResult "White resigns"]
[WhiteElo "190"]
[BlackElo "1064"]
[Opening "Vienna game"]
[ECO "C28"]
[NIC "VG.02"]
[Time "12:02:02"]
[TimeControl "2700+10"]

1. e4 e5 2. Nc3 Nf6 3. Bc4 Nc6 4. d3 h6 5. Nge2 Bc5 6. f4 Ng4 7. d4 exd4 8.
Nxd4 Bxd4 9. Qxg4 d5 10. Qe2 dxc4 11. Qxc4 O-O 12. Bd2 Bxc3 13. Bxc3 Re8 14.
O-O Be6 15. Qe2 Nd4 16. Qf2 c5 17. f5 Bc8 18. Rfe1 b5 19. b4 Nc6 20. Qg3 f6
21. Rad1 Qe7 22. bxc5 Qxc5+ 23. Kh1 Rf8 24. Rd6 Ne5 25. Red1 Ng4 26. Qxg4
Qxc3 27. Qe2 Qc4 28. Qd2 Bb7 29. Rd7 Qxe4 30. Re1 Qc6 31. Rde7 Rad8 32. Qf2
Rde8 33. Qg3 Rxe7 34. Rxe7 g5 35. Qb3+ Kh8 36. Re2 Qd5 37. Qh3 Qd1+
{White resigns}
0-1

[Event "ICC tourney 2144 (45 10)"]
[Site "Internet Chess Club"]
[Date "2020.11.21"]
[Round "1"]
[White "L3monT"]
[Black "CobaltGame"]
[Result "0-1"]
[ICCResult "White resigns"]
[WhiteElo "753"]
[BlackElo "1248"]
[Opening "QGD: 3.Nc3"]
[ECO "D31"]
[NIC "QP.08"]
[Time "12:02:14"]
[TimeControl "2700+10"]

1. d4 d5 2. c4 e6 3. Nc3 Nc6 4. e3 Nf6 5. cxd5 exd5 6. h3 Bd6 7. Bd3 Be6 8.
Nf3 h6 9. O-O Qd7 10. a3 O-O-O 11. Qa4 g5 12. Bb5 Bxh3 13. Bxc6 Qg4 14. Ne1
bxc6 15. Qa6+ Kd7 16. Qe2 Qxe2 17. Nxe2 Bf5 18. f3 Be6 19. Bd2 h5 20. Nc2
Rdg8 21. Bb4 Bxb4 22. Nxb4 g4 23. Na6 g3 24. Nc5+ Kd6 25. e4 Nd7 26. e5+ Ke7
27. Nxe6 fxe6 28. f4 h4 29. f5 h3 30. gxh3 exf5 31. Kg2 Rh5 32. Nxg3 Rhg5
33. Rf3 f4 34. Raf1 Rxg3+ 35. Rxg3 Rxg3+ 36. Kh2 Rb3 37. Rxf4 Rxb2+ 38. Kg3
Rb3+ 39. Kg4 Rxa3 40. h4 Ke6 41. h5 Ra1 42. Kg5 Rg1+ 43. Rg4 Rxg4+ 44. Kxg4
Nf8 45. Kg5 a5 46. Kh6 a4 47. Kg7 Ke7 48. h6 a3 49. e6 a2 50. h7 Nxh7 51.
Kxh7 {White resigns} 0-1

[Event "ICC tourney 2144 (45 10)"]
[Site "Internet Chess Club"]
[Date "2020.11.21"]
[Round "2"]
[White "PirateKing"]
[Black "alg142"]
[Result "0-1"]
[ICCResult "White resigns"]
[WhiteElo "803"]
[BlackElo "779"]
[Opening "Queen's bishop game"]
[ECO "A45"]
[NIC "QP.07"]
[Time "14:31:44"]
[TimeControl "2700+10"]

1. d4 Nf6 2. Bf4 d5 3. Nf3 e6 4. h3 c5 5. c3 Nc6 6. e3 cxd4 7. exd4 Bd6 8.
Bxd6 Qxd6 9. Bd3 h6 10. Nbd2 e5 11. dxe5 Nxe5 12. Be2 Bf5 13. Nxe5 Qxe5 14.
O-O O-O 15. Re1 Qc7 16. Bf3 Rfe8 17. Qb3 Qb6 18. Qxb6 axb6 19. Nb3 Rxe1+ 20.
Rxe1 Rxa2 21. Re2 Be4 22. Bxe4 Nxe4 23. Nd4 Nc5 24. Nb5 Ne4 25. Kh2 f5 26.
f3 Nc5 27. Kg3 Nd3 28. Rd2 Rxb2 29. Rxb2 Nxb2 30. Nd4 Na4 31. Ne2 Kf7 32.
Kf4 Kf6 33. g4 g5+ 34. Kg3 f4+ 35. Kf2 Ke5 36. Ke1 Nb2 37. Kd2 Nc4+ 38. Kd3
Ne3 39. Kd2 Nf1+ 40. Ke1 Ng3 41. Nd4 Kd6 42. Nf5+ Nxf5 43. gxf5 Ke5 44. Ke2
Kxf5 45. Kd3 Ke5 46. Ke2 d4 47. Kd3 dxc3 48. Kxc3 Kf5 49. Kb4 h5 50. Kb5 g4
51. hxg4+ hxg4 52. fxg4+ Kxg4 53. Kxb6 f3 54. Kxb7 f2 55. Kc8 f1=Q 56. Kd8
Qf7 57. Kc8 Qe7 58. Kb8 Qd7 59. Ka8 Kf5 60. Kb8 Ke5 61. Ka8 Kd6 62. Kb8 Kc6
{White resigns}
0-1

[Event "ICC tourney 2144 (45 10)"]
[Site "Internet Chess Club"]
[Date "2020.11.21"]
[Round "2"]
[White "AnujJ"]
[Black "lscorpii"]
[Result "0-1"]
[ICCResult "White checkmated"]
[WhiteElo "175"]
[BlackElo "1240"]
[Opening "French defense"]
[ECO "C00"]
[NIC "FR.01"]
[Time "14:32:03"]
[TimeControl "2700+10"]

1. e4 e6 2. Nc3 d5 3. d3 Bb4 4. Bd2 Nf6 5. Nf3 Bxc3 6. Bxc3 dxe4 7. Ne5 O-O
8. Be2 exd3 9. Bxd3 Nd5 10. Qh5 h6 11. Bd2 Nf6 12. Qf3 Qd4 13. Qe2 Qxb2 14.
Rd1 Qxa2 15. O-O Qd5 16. Bc4 Qc5 17. Bf4 Nbd7 18. Bb5 Nxe5 19. Bxe5 Nd5 20.
Qg4 f6 21. Bd4 Qxb5 22. Rc1 Qc4 23. Rfd1 e5 24. Qh4 exd4 25. Rxd4 Qc6 26.
Qh5 Nc3 27. Rg4 Bxg4 28. Qxg4 Rfe8 29. h3 Ne2+ 30. Kh2 Qd6+ 31. Kh1 Nxc1 32.
g3 Re1+ 33. Kg2 Qc6+ 34. Kh2 Qh1# {White checkmated} 0-1

[Event "ICC tourney 2144 (45 10)"]
[Site "Internet Chess Club"]
[Date "2020.11.21"]
[Round "2"]
[White "NikiSDKChess"]
[Black "ChessPanda000"]
[Result "0-1"]
[ICCResult "White checkmated"]
[WhiteElo "625"]
[BlackElo "260"]
[Opening "Ruy Lopez: classical (Cordel) defense"]
[ECO "C64"]
[NIC "RL.01"]
[Time "14:31:45"]
[TimeControl "2700+10"]

1. e4 e5 2. Nf3 Nc6 3. Bb5 Bc5 4. Bxc6 dxc6 5. Nxe5 Nf6 6. Qf3 O-O 7. d3 h6
8. Qg3 Nh5 9. Qf3 Re8 10. Qxh5 Qe7 11. Bf4 Bd6 12. d4 Bd7 13. Nxd7 Qxd7 14.
Bd2 Rxe4+ 15. Kd1 Rxd4 16. Kc1 Rd8 17. Qf3 Be7 18. Rd1 Bg5 19. Nc3 Bxd2+ 20.
Kb1 Bxc3 21. bxc3 Rxd1+ 22. Kb2 Rxa1 23. Kxa1 Qd2 24. Kb2 Rd5 25. a4 b5 26.
Qe4 bxa4 27. Qe8+ Kh7 28. Qe4+ g6 29. c4 Qd4+ 30. Qxd4 Rxd4 31. Kc3 Rd1 32.
Kb4 Ra1 33. Kc5 a3 34. Kxc6 a2 35. Kxc7 Rc1 36. c5 a1=Q 37. c6 Rxc2 38. Kd8
Qf6+ 39. Kd7 Rd2+ 40. Kc7 Qe7+ 41. Kb8 Rd8# {White checkmated} 0-1

[Event "ICC tourney 2144 (45 10)"]
[Site "Internet Chess Club"]
[Date "2020.11.21"]
[Round "2"]
[White "oxdidi"]
[Black "miyzhang"]
[Result "0-1"]
[ICCResult "White resigns"]
[WhiteElo "1056"]
[BlackElo "1252"]
[Opening "Giuoco Piano"]
[ECO "C54"]
[NIC "IG.02"]
[Time "14:32:36"]
[TimeControl "2700+10"]

1. e4 e5 2. Nf3 Nc6 3. Bc4 Bc5 4. c3 Nf6 5. d3 d6 6. h3 h6 7. Nbd2 a6 8. O-O
g5 9. Re1 g4 10. hxg4 Bxg4 11. b4 Ba7 12. Qb3 Qe7 13. b5 Na5 14. Qa4 Nxc4
15. bxa6+ Bd7 16. Qxc4 bxa6 17. Qxc7 Rg8 18. Nc4 Bc5 19. Bxh6 Rxg2+ 20. Kxg2
Bh3+ 21. Kxh3 Qxc7 22. Rg1 Qd7+ 23. Kh2 Ng4+ {White resigns} 0-1

[Event "ICC tourney 2144 (45 10)"]
[Site "Internet Chess Club"]
[Date "2020.11.21"]
[Round "2"]
[White "Aashray"]
[Black "funderdifflin"]
[Result "1-0"]
[ICCResult "Black checkmated"]
[WhiteElo "1132"]
[BlackElo "814"]
[Opening "Caro-Kann: two knights variation"]
[ECO "B10"]
[NIC "CK.01"]
[Time "14:31:45"]
[TimeControl "2700+10"]

1. e4 c6 2. Nf3 d5 3. Nc3 dxe4 4. Nxe4 Nf6 5. Nxf6+ gxf6 6. Bc4 Bg4 7. d3 e6
8. Bd2 Bd6 9. h3 Bh5 10. g4 Bg6 11. Qe2 Nd7 12. O-O-O Qe7 13. h4 h6 14. g5
hxg5 15. hxg5 O-O-O 16. gxf6 Nxf6 17. Bg5 Rde8 18. Ne5 Bh5 19. f3 Ref8 20.
Ng4 Bxg4 21. Rxh8 Rxh8 22. fxg4 Qd8 23. Rf1 Be7 24. Qf3 Nd5 25. Bxe7 Qxe7
26. Bxd5 exd5 27. Qxf7 Qe2 28. Qf5+ Kc7 29. g5 Rh2 30. Qf4+ Kb6 31. Qb4+ Kc7
32. Rf7+ Kd8 33. Qd6+ Ke8 34. Qf8# {Black checkmated} 1-0

[Event "ICC tourney 2144 (45 10)"]
[Site "Internet Chess Club"]
[Date "2020.11.21"]
[Round "2"]
[White "nb12"]
[Black "adokianos"]
[Result "1-0"]
[ICCResult "Black resigns"]
[WhiteElo "1209"]
[BlackElo "1214"]
[Opening "Scandinavian (center counter) defense"]
[ECO "B01"]
[NIC "SD.01"]
[Time "14:31:43"]
[TimeControl "2700+10"]

1. e4 d5 2. exd5 Qxd5 3. Nc3 Qa5 4. Bc4 Nf6 5. Nf3 Bf5 6. d3 c6 7. Bd2 Qc7
8. O-O e6 9. Re1 Bd6 10. Ne4 Nxe4 11. dxe4 Bg6 12. Bc3 f6 13. Bxe6 Nd7 14.
Bxd7+ Qxd7 15. Qd2 h5 16. Rad1 O-O-O 17. e5 fxe5 18. Nxe5 Bxe5 19. Qxd7+
Rxd7 20. Rxd7 Bxc3 21. Ree7 Bf6 22. Rc7+ Kd8 23. Red7+ Ke8 24. Rxb7 a5 25.
Rdc7 Bxc2 26. Rb8+ Bd8 27. Rxc6 Bf5 28. Rc5 Rf8 29. Rxa5 Rf6 30. Re5+ Kd7
31. Rd5+ Kc7 32. Rbxd8 Rc6 33. h3 Be6 34. Rd2 g5 35. a3 Rc1+ 36. Kh2 h4 37.
R8d3 Bf5 38. Rc3+ Rxc3 39. bxc3 Kc6 40. Rd8 Kc7 41. Rg8 g4 42. hxg4 Be6 43.
f4 Kb6 44. Rg6 {Black resigns} 1-0

[Event "ICC tourney 2144 (45 10)"]
[Site "Internet Chess Club"]
[Date "2020.11.21"]
[Round "2"]
[White "notbhargav"]
[Black "Gambold"]
[Result "0-1"]
[ICCResult "White resigns"]
[WhiteElo "723"]
[BlackElo "1119"]
[Opening "King's pawn opening"]
[ECO "B07"]
[NIC "VO.17"]
[Time "14:31:43"]
[TimeControl "2700+10"]

1. e4 d6 2. Nc3 Nf6 3. Nf3 g6 4. g3 Bg7 5. Bg2 O-O 6. O-O Bg4 7. h3 Bh5 8.
d3 e5 9. g4 Nxg4 10. hxg4 Bxg4 11. Qe2 Nc6 12. Bg5 f6 13. Be3 Ne7 14. Nd5 c6
15. Nxe7+ Qxe7 16. Qd2 Bxf3 17. Bxf3 Qe6 18. Qb4 Rf7 19. d4 f5 20. dxe5 Bxe5
21. exf5 Qxf5 22. Bg4 Qf6 23. Bh3 h5 24. c3 Qf3 25. Be6 Rf8 26. Bxf7+ Rxf7
27. Qh4 Qf5 28. Qg5 Qh3 29. Qxg6+ Rg7 30. Qxg7+ Kxg7 31. f4 Qxe3+ 32. Rf2
Bxf4 33. Rf1 Qg3+ 34. Rg2 Be3+ 35. Kh1 h4 36. Rxg3+ hxg3 37. Kg2 Bf2 38. Rd1
d5 39. Rd3 Kf6 40. Rf3+ Ke7 41. Rf4 a5 42. b3 Kd6 43. Rf6+ Kc5 44. Rf7 Kb6
45. a3 Ka6 46. Rg7 b5 47. Rg6 Kb6 48. Rg8 Kc5 49. Ra8 Kb6 50. Rb8+ Ka7 51.
Rc8 Kb7 52. Rd8 a4 53. b4 Kc7 54. Re8 Kd7 55. Rg8 Be1 56. Rg6 Bxc3 57. Kxg3
Bb2 58. Rg7+ Bxg7 {White resigns} 0-1

[Event "ICC tourney 2144 (45 10)"]
[Site "Internet Chess Club"]
[Date "2020.11.21"]
[Round "2"]
[White "Cgchess"]
[Black "gauravgupta"]
[Result "0-1"]
[ICCResult "White resigns"]
[WhiteElo "1306"]
[BlackElo "1251"]
[Opening "Sicilian: closed"]
[ECO "B23"]
[NIC "SI.44"]
[Time "14:31:40"]
[TimeControl "2700+10"]

1. e4 c5 2. Nc3 d6 3. Nf3 g6 4. Bb5+ Bd7 5. Bxd7+ Qxd7 6. O-O Bg7 7. Nd5 Nc6
8. d3 Nf6 9. c4 O-O 10. Rb1 e6 11. Nxf6+ Bxf6 12. Qa4 a6 13. b4 cxb4 14. Bd2
a5 15. d4 Qc7 16. Be3 Rfb8 17. Rfc1 b6 18. d5 Ne5 19. Nd4 Nxc4 20. Nc6 b5
21. Qd1 Rb7 22. Qf3 Bg7 23. Bg5 Re8 24. Qd3 Qd7 25. Be3 exd5 26. exd5 Nxe3
27. fxe3 Ra8 28. e4 Bc3 29. a3 Rb6 30. axb4 Bxb4 31. Nxb4 axb4 32. Rxb4 Ra4
33. Qd4 Rxb4 34. Qd2 {White resigns} 0-1